 Dungeon Crawl Stone Soup version 0.18.1-48-g4cf74bf (webtiles) character file.

124 sudo the Slasher (level 4, -12/32 HPs)
             Began as a High Elf Fighter on June 29, 2016.
             Was an Initiate of Okawaru.
             Mangled by a shadow (19 damage)
             ... created by the darkness of Dithmenos
             ... on level 3 of the Dungeon.
             The game lasted 00:03:18 (1851 turns).

sudo the Slasher (High Elf Fighter)                 Turns: 1851, Time: 00:03:19

Health: -12/32     AC:  5    Str: 21    XL:     4   Next: 81%
Magic:  5/5        EV: 17    Int: 12    God:    Okawaru [......]
Gold:   195        SH:  0    Dex: 19    Spells: 0 memorised, 3 levels left

rFire  + . .     SeeInvis .     a - +0 long sword
rCold  + . .     Gourm    .     r - +0 leather armour
rNeg   . . .     Faith    .     (no shield)
rPois  +         Spirit   .     p - +1 helmet
rElec  +         Dismiss  +     (no cloak)
rCorr  +         Reflect  .     (no gloves)
SustAt .         Harm     .     (no boots)
MR     .....                    e - amulet of dismissal
Stlth  ++........               (no ring)
                                (no ring)

@: mighty, agile, resistant, very slightly contaminated, invisible, not
resistant to hostile enchantments, unstealthy
A: no striking features
a: Renounce Religion


You were on level 3 of the Dungeon.
You worshipped Okawaru.
Okawaru was noncommittal.
You were not hungry.

You visited 1 branch of the dungeon, and saw 3 of its levels.

You collected 195 gold pieces.

Inventory:

Hand Weapons
 a - a +0 long sword (weapon)
 q - a +0 short sword
Armour
 b - a +0 scale mail
 c - a +0 shield
 j - a +0 chain mail
 p - a +1 helmet (worn)
 r - a +0 leather armour (worn)
Jewellery
 e - an amulet of dismissal (around neck)
Scrolls
 h - a scroll of recharging {unknown}
 i - a scroll of remove curse {unknown}
 k - 2 scrolls of teleportation {unknown}
 m - 4 scrolls of identify {unknown}
 t - a scroll of immolation {unknown}
 v - a scroll of enchant weapon {unknown}
Potions
 s - a potion of heal wounds {unknown}
 u - a potion of flight {unknown}
Comestibles
 f - 2 bread rations
 n - a beef jerky


   Skills:
 + Level 3.6 Fighting
 - Level 0.2(2.4) Short Blades
 * Level 3.9(4.0) Long Blades
 + Level 3.4 Armour
 + Level 1.9 Dodging
 - Level 2.6 Shields


You had 3 spell levels left.
You didn't know any spells.

Dungeon Overview and Level Annotations

Branches:
Dungeon (3/15)

Altars:
Dithmenos
Okawaru
Ru

Annotations:
D:3 sudo's ghost, amateur HEMo


Message History

Sudo's ghost hits you.
* * * LOW HITPOINT WARNING * * *
Your amulet of dismissal vibrates suddenly!
Sudo's ghost disappears!
You are very lightly contaminated with residual magic.
Unknown command.
You start resting.
Dithmenos calls forth shadows to punish you. 3 shadows come into view.
There are monsters nearby!
The shadow slips into darkness.
The shadow flickers and vanishes!
Deactivating autopickup; reactivate with Ctrl-A.
The shadow slips into darkness.
The shadow flickers and vanishes!
The shadow slips into darkness.
The shadow flickers and vanishes!
The shadow strikes at you from the darkness!
Ouch! That really hurt!
You die...

.......# #.#
##....######..
'.........>..
#....##.#....
#....##.##..#
+....##.....#
######....#####..#
#.....{...# #..#
#@#######.# #..#
#.# #.## #..# #.#
#..# #... #.#
##.####'## #.#
#.......# #.#
#.......# ..#
#.......# ###
##.......#
#.........


There were no monsters in sight!

Vanquished Creatures
  An orc wizard (D:2)
  2 adders
  2 oozes (D:2)
  2 worms (D:2)
  2 dart slugs (D:2)
  2 giant geckos (D:1)
  2 ball pythons
  2 giant cockroaches
  9 hobgoblins
  2 quokkas (D:2)
  9 bats
  2 giant newts (D:1)
  6 goblins
  7 kobolds
  4 rats
54 creatures vanquished.

Notes
Turn   | Place    | Note
--------------------------------------------------------------
     0 | D:1      | sudo the High Elf Fighter began the quest for the Orb.
     0 | D:1      | Reached XP level 1. HP: 16/16 MP: 2/2
   104 | D:1      | Reached XP level 2. HP: 17/21 MP: 3/3
   589 | D:2      | Reached skill level 1 in Dodging
   619 | D:2      | Reached XP level 3. HP: 22/26 MP: 4/4
  1188 | D:2      | Reached XP level 4. HP: 24/31 MP: 5/5
  1218 | D:2      | Found a sacrificial altar of Ru.
  1246 | D:2      | Found a faded altar to an unknown god.
  1270 | D:2      | Became a worshipper of Dithmenos the Shadowed
  1270 | D:2      | Reached * piety under Dithmenos
  1614 | D:3      | Found an iron altar of Okawaru.
  1628 | D:3      | Fell from the grace of Dithmenos
  1628 | D:3      | Became a worshipper of Warmaster Okawaru
  1817 | D:3      | Noticed sudo's ghost (amateur HEMo)
  1846 | D:3      | Noticed a shadow
  1846 | D:3      | Noticed a shadow
  1846 | D:3      | Noticed a shadow
  1851 | D:3      | Mangled by a shadow

Skill      XL: |  1  2  3 |
---------------+----------+-----
Armour         | 3 |  3.4
Dodging        | 1 |  1.9
Long Blades    | 3 |  3.9
Fighting       | |  3.6
Short Blades   | |  0.2
Shields        | |  2.6

Action                   |  1- 3 |  4- 6 || total
-------------------------+-------+-------++-------
Melee: Long sword        |   132 |    39 ||   171
       Short sword       |       |    18 ||    18
  Use: Potion            |       |     4 ||     4
 Stab: Paralysed         |       |     1 ||     1
  Eat: Chunk             |       |     2 ||     2
       Beef jerky        |       |     1 ||     1
Armor: Scale mail        |    60 |       ||    60
       Chain mail        |    11 |    20 ||    31
       Leather armour    |       |     5 ||     5
Dodge: Dodged            |    47 |    47 ||    94
Block: Shield            |    54 |       ||    54
